 Dungeon Crawl Stone Soup version 0.21.1-1-g345015f (webtiles) character file.

145 iamserjio the Sneak (level 5, 0/37 HPs)
             Began as an Octopode Monk on Apr 8, 2018.
             Killed by divine providence
             ... invoked by an orc priest
              (13 damage)
             ... on level 3 of the Dungeon.
             The game lasted 00:03:44 (1932 turns).

iamserjio the Sneak (Octopode Monk)                 Turns: 1932, Time: 00:03:44

Health: 0/37       AC:  1    Str: 11    XL:     5   Next: 27%
Magic:  5/5        EV: 15    Int: 12    God:
Gold:   75         SH:  0    Dex: 15    Spells: 4/4 levels left

rFire    . . .     SeeInvis .   a - +0 short sword
rCold    . . .     Gourm    .   (no shield)
rNeg     . . .     Faith    .   (helmet restricted)
rPois    .         Spirit   .   (no amulet)
rElec    .         Reflect  .   (no ring)
rCorr    .         Harm     .   (no ring)
MR       .....                  (no ring)
Stlth    ++++......             (no ring)
HPRegen  0.12/turn              (no ring)
MPRegen  0.09/turn              (no ring)
                                (no ring)
                                (no ring)

@: no status effects
A: almost no armour, stealthy swim, amphibious, 8 rings, constrict 8, camouflage
1, gelatinous body 1
a: no special abilities


You were on level 3 of the Dungeon.
You were not hungry.

You visited 1 branch of the dungeon, and saw 3 of its levels.

You collected 75 gold pieces.

Inventory:

Hand Weapons
 a - a +0 short sword (weapon)
Jewellery
 d - an uncursed amulet of magic regeneration {unknown}
Wands
 n - a wand of flame (40)
Scrolls
 e - 2 scrolls of remove curse {unknown}
 f - a scroll of teleportation {unknown}
 g - a scroll of enchant armour {unknown}
 i - a scroll of fear {unknown}
 j - 2 scrolls of fog {unknown}
 l - 2 scrolls of identify {unknown}
Potions
 c - a potion of heal wounds {unknown}
 h - a potion of degeneration {unknown}
 k - 2 potions of ambrosia {unknown}
 m - 2 potions of curing {unknown}
Comestibles
 b - 6 rations
 o - 3 chunks of flesh


   Skills:
 + Level 3.7 Fighting
 - Level 3.1 Short Blades
 * Level 4.2 Dodging
 * Level 5.1 Stealth


You had 4 spell levels left.
You didn't know any spells.

Dungeon Overview and Level Annotations

Branches:
Dungeon (3/15)

Altars:
Elyvilon
Makhleb
Okawaru
Zin


Innate Abilities, Weirdness & Mutations

You cannot wear most types of armour.
You are very stealthy in the water. (Stealth+)
You are amphibious.
You can wear up to eight rings at the same time.
You can use your tentacles to constrict eight enemies at once.
Your skin changes colour to match your surroundings (Stealth+).
Your rubbery body absorbs attacks. (AC +1, EV +1)


Message History

The orc priest barely misses you.
You hit the orc priest but do no damage.
You grab the orc priest.
You constrict the orc priest, but do no damage.
The orc priest hits you with a mace.
You barely miss the orc priest. You constrict the orc priest.
The orc priest mumbles some strange prayers to Beogh against you.
Pain shoots through your body!
You hit the orc priest.
The orc priest is moderately wounded.
You constrict the orc priest.
You hit the orc priest but do no damage.
The orc priest is heavily wounded.
You constrict the orc priest. The orc priest hits you with a mace!
You barely miss the orc priest.
The orc priest is heavily wounded.
You constrict the orc priest.
The orc priest mumbles some strange prayers to Beogh against you.
Beogh smites you!
You die...

#..(...#..............#
#########....<............#####
.....##...................#
####.......>...#..........#
.#######.......##........##
...## #.......##........##
##..#####......#..........#
###...###......o..........#
...............#@.........#
###............#..........#
###....##...####[.........#
#.<......................##
#....##.......####..)...##
....>.#...##..######).###
..##......###...........# #.
......#...##........# #.
#.....#...#.........#


You could see an orc priest.

Vanquished Creatures
  2 hounds
  An orc priest (D:3)
  An adder (D:2)
  A shadow imp (D:2)
  2 dart slugs
  A leopard gecko (D:2)
  2 orcs (D:3)
  4 giant cockroaches
  2 goblins (D:1)
  6 hobgoblins
  3 kobolds
  A quokka (D:3)
  6 bats
  4 frilled lizards
  A rat (D:1)
37 creatures vanquished.

Notes
Turn   | Place    | Note
-------+----------+-------------------------------------------
     0 | D:1      | iamserjio the Octopode Monk began the quest for the Orb.
     0 | D:1      | Reached XP level 1. HP: 16/16 MP: 1/1
   242 | D:1      | Reached skill level 3 in Stealth
   242 | D:1      | Reached XP level 2. HP: 21/21 MP: 2/2
   851 | D:2      | Reached XP level 3. HP: 25/26 MP: 3/3
   915 | D:2      | Reached skill level 4 in Stealth
   915 | D:2      | Reached XP level 4. HP: 22/31 MP: 4/4
  1216 | D:2      | Found an iron altar of Okawaru.
  1217 | D:2      | Found a white marble altar of Elyvilon.
  1796 | D:3      | Found a faded altar of an unknown god.
  1801 | D:3      | Found a burning altar of Makhleb.
  1803 | D:3      | Noticed a green death
  1804 | D:3      | Found a glowing silver altar of Zin.
  1805 | D:3      | Noticed an angel
  1879 | D:3      | Reached skill level 5 in Stealth
  1879 | D:3      | Reached XP level 5. HP: 26/37 MP: 5/5
  1932 | D:3      | Killed from afar by an orc priest

Skill      XL: |  1  2  3  4 |
---------------+-------------+-----
Stealth        | 3 4 5 |  5.1
Dodging        | 4 |  4.2
Fighting       | |  3.7
Short Blades   | |  3.1

Action                   |  1- 3 |  4- 6 || total
-------------------------+-------+-------++-------
Melee: Short sword       |    56 |    43 ||    99
       Constrict         |    13 |    12 ||    25
       Tentacles         |     5 |    10 ||    15
 Stab: Sleeping          |     4 |     5 ||     9
  Eat: Chunk             |       |     3 ||     3
Armor: Skin              |     4 |     8 ||    12
Dodge: Dodged            |    35 |    22 ||    57
